 Dungeon Crawl Stone Soup version 0.30-a0-122-g2a1322497e (webtiles) character file.

Game seed: 15298745577824550207

123 IdlyInterested the Cutter (level 4, 0/34 HPs)
             Began as a Demonspawn Wanderer on Sept 16, 2022.
             Slain by an ufetubus (2 damage)
             ... on level 4 of the Dungeon.
             The game lasted 00:08:35 (4121 turns).

IdlyInterested the Cutter (Demonspawn Wanderer)     Turns: 4121, Time: 00:08:35

Health: 0/34       AC: 10    Str: 14    XL:     4   Next: 79%
Magic:  7/7        EV:  6    Int: 13    God:
Gold:   142        SH:  0    Dex: 13    Spells: 6/7 levels left

rFire   . . .      SeeInvis .    s - +0 short sword (venom)
rCold   . . .      Faith    .    (no shield)
rNeg    . . .      Spirit   .    d - +1 chain mail
rPois   .          Reflect  .    (no helmet)
rElec   .          Harm     .    (no cloak)
rCorr   .          Rampage  .    (no gloves)
Will    .....                    (no boots)
Stlth   ..........               (no amulet)
HPRegen 0.11/turn                i - ring of flight
MPRegen 0.10/turn                (no ring)

@: flying
A: demonic magic 2, demonic touch 1
a: no special abilities


You were on level 4 of the Dungeon.
You visited 1 branch of the dungeon, and saw 4 of its levels.

You collected 142 gold pieces.

Inventory:

Hand Weapons
 a - a +2 short sword
 o - a +0 falchion
 q - a +0 long sword
 s - a +0 short sword of venom (weapon)
Missiles
 g - 5 poisoned darts
Armour
 b - a +0 ring mail
 d - a +1 chain mail (worn)
 h - a +0 leather armour
 n - a +0 scale mail
Magical Staves
 f - a staff of earth
Jewellery
 i - a ring of flight (left hand)
Wands
 r - a wand of paralysis (11)
Potions
 c - a potion of berserk rage
 e - a potion of attraction
 j - a potion of might
 k - a potion of resistance {unknown}
 l - 2 potions of lignification


   Skills:
 + Level 2.5 Fighting
 - Level 4.0 Short Blades
 - Level 3.0 Armour
 + Level 1.2 Dodging
 * Level 1.2 Unarmed Combat
 - Level 2.0 Spellcasting
 * Level 1.6 Summonings


You had 6 spell levels left.
You knew the following spells:

 Your Spells              Type           Power      Damage    Failure   Level
a - Summon Small Mammal   Summ           20%        N/A       97%         1

Your spell library contained the following spells:

 Spells                   Type           Power      Damage    Failure   Level
 Slow                     Hex            4%         N/A       99%         1
 Passwall                 Tmut/Erth      0%         N/A       100%        2
 Poisonous Vapours        Pois/Air       2%         N/A       100%        2
 Static Discharge         Conj/Air       2%         3-4/arc   100%        2
 Confusing Touch          Hex            1%         N/A       100%        3
 Spider Form              Tmut/Pois      1%         N/A       100%        3
 Summon Guardian Golem    Hex/Summ       3%         N/A       100%        3
 Vampiric Draining        Necr           1%         2d6       100%        3
 Irradiate                Conj/Tmut      0%         3d11      100%        5


Dungeon Overview and Level Annotations

Branches:
Dungeon (4/15)
 Temple: D:4-7

Altars:
Cheibriados
Dithmenos
Makhleb
Nemelex Xobeh


Innate Abilities, Weirdness & Mutations

Spells you cast may paralyse nearby enemies.
Your touch may inflict minor irresistible damage on your foes.


Message History

The ufetubus barely misses you.
The ufetubus hits you but does no damage.
Something hits you but does no damage. The orc priest hits you with a +0 club.
You closely miss the orc priest. Your touch misses the orc priest.
The orc priest is moderately wounded.
The ufetubus hits you but does no damage. x2
The orc priest hits you but does no damage.
Something hits you. The ufetubus hits you.
The ufetubus hits you but does no damage.
You hit the orc priest.
The orc priest is severely wounded.
The ufetubus hits you but does no damage. x2
The orc priest hits you but does no damage.
Something hits you but does no damage.
You hit the orc priest.
The orc priest is almost dead.
The ufetubus hits you.
* * * LOW HITPOINT WARNING * * *
The ufetubus hits you but does no damage.
You hit the orc priest.
You kill the orc priest!
Something hits you.
* * * LOW HITPOINT WARNING * * *
The ufetubus hits you but does no damage.
The ufetubus barely misses you.
Your Short Blades skill increases to level 4!
You hit something but do no damage.
You touch something!
The ufetubus hits you.
* * * LOW HITPOINT WARNING * * *
The ufetubus hits you but does no damage.
Something hits you but does no damage.
You miss something.
You touch something.
The ufetubus barely misses you. The ufetubus hits you.
* * * LOW HITPOINT WARNING * * *
You hear some strange, mumbled words.
A puff of flame appears from out of thin air!
The puff of flame hits you.
* * * LOW HITPOINT WARNING * * *
The ufetubus hits you but does no damage.
The ufetubus hits you.
You die...

#.....
..... .....
...# #..#
#..# #)5#
#{@######
#.).......
#.#########
#..........
#..<.......
###########


You could see an ufetubus.

Vanquished Creatures
  An orc priest (D:4)
  An orc wizard (D:3)
  A worm (D:3)
  A dart slug (D:1)
  6 orcs
  4 endoplasms
  5 giant cockroaches
  7 goblins
  2 hobgoblins (D:3)
  2 quokkas
  4 ball pythons
  2 bats (D:3)
  6 frilled lizards
  9 kobolds
  5 rats
  3 bushes (D:2)
59 creatures vanquished.

Vanquished Creatures (others)
  14 plants (D:2)
14 creatures vanquished.

Grand Total: 73 creatures vanquished

Notes
Turn   | Place    | Note
-------+----------+-------------------------------------------
     0 | D:1      | IdlyInterested the Demonspawn Wanderer began the quest for
                  | the Orb.
     0 | D:1      | IdlyInterested set off with the following items: a +2 short
                  | sword, a +0 ring mail, a potion of berserk rage; and the
                  | following spell memorised: Summon Small Mammal; and the
                  | following spells available to memorise: Summon Guardian
                  | Golem.
     0 | D:1      | Reached XP level 1. HP: 15/15 MP: 3/3
   283 | D:1      | Gained mutation: Your touch may inflict minor irresistible
                  | damage on your foes. [demonic ancestry]
   283 | D:1      | Reached XP level 2. HP: 16/22 MP: 5/5
  1153 | D:2      | Found a faded altar of an unknown god.
  1411 | D:2      | Reached skill level 1 in Unarmed Combat
  1501 | D:2      | Gained mutation: Spells you cast may paralyse adjacent
                  | enemies. [demonic ancestry]
  1501 | D:2      | Reached XP level 3. HP: 27/27 MP: 6/6
  2886 | D:3      | Found a shadowy altar of Dithmenos.
  2888 | D:3      | Found a snail-covered altar of Cheibriados.
  2888 | D:3      | Found a sparkling altar of Nemelex Xobeh.
  2888 | D:3      | Found a burning altar of Makhleb.
  2954 | D:3      | Reached skill level 1 in Dodging
  2954 | D:3      | Reached skill level 1 in Summonings
  2954 | D:3      | Gained mutation: Spells you cast may paralyse nearby
                  | enemies. [demonic ancestry]
  2954 | D:3      | Reached XP level 4. HP: 23/34 MP: 7/7
  3449 | D:3      | Got Sif Muna's Atlas of Reformed Ozone
  4120 | D:4      | Reached skill level 4 in Short Blades
  4121 | D:4      | Slain by an ufetubus

Illustrated notes

Levels and vault maps discovered:
D:1:      shiori_arrival_oz, layout_basic
D:2:      layout_loops_ring, shapermc_ecumenical_altar_mp_ritualfount,
          lexackson_kobold_supper
D:3:      layout_basic, grunt_temple_overflow_open
D:4:      layout_loops_ring, corexii_item_surrounded_by_moat, uniq_duvessa

Skill      XL: |  1  2  3  4 |
---------------+-------------+-----
Fighting       | 2 |  2.5
Armour         | 3 |  3.0
Unarmed Combat | 1 |  1.2
Dodging        | 1 |  1.2
Summonings     | 1 |  1.6
Short Blades   | 4 |  4.0
Spellcasting   | |  2.0

Action                   |  1- 3 |  4- 6 || total
-------------------------+-------+-------++-------
Melee: Short sword       |   184 |    28 ||   212
       Touch             |    46 |     6 ||    52
       Punch             |     1 |       ||     1
  Use: Scroll            |     7 |     2 ||     9
       Potion            |       |     1 ||     1
Armor: Ring mail         |    17 |       ||    17
       Chain mail        |    34 |    38 ||    72
Dodge: Dodged            |    33 |     4 ||    37

Table legend: (Time is in decaauts)
 A = Elapsed time spent in this place.
 B = Non-inter-level travel time spent in this place.
 C = Inter-level travel time spent in this place.
 D = Time resting spent in this place.
 E = Time spent auto-exploring this place.
 F = Levels seen in this place.
 G = Mean time per level.
                   A        B        C        D        E       F      G
               +--------+--------+--------+--------+--------+-----+--------+
         Total |   4083 |   3492 |    591 |    808 |   1989 |   4 | 1020.8 |
       Dungeon |   4083 |   3492 |    591 |    808 |   1989 |   4 | 1020.8 |
               +--------+--------+--------+--------+--------+-----+--------+

Top non-repeatable levels by time:
     D:3: 1415 daAuts
     D:2: 1248 daAuts
     D:1: 1238 daAuts
     D:4: 181 daAuts
